 Dungeon Crawl Stone Soup version 0.30-a0-711-gf4ac18a38d (webtiles) character file.

Game seed: 3709185651182173770

30 wormed the Firebug (level 3, -1/25 HPs)
             Began as a Demonspawn Fire Elementalist on Jan 22, 2023.
             Slain by a goblin
             ... wielding a +0 club
             ... led by Robin
              (6 damage)
             ... on level 2 of the Dungeon.
             The game lasted 00:01:57 (1200 turns).

wormed the Firebug (Demonspawn Fire Elementalist)   Turns: 1200, Time: 00:01:57

Health: -1/25      AC:  4    Str:  8    XL:     3   Next: 5%
Magic:  2/6        EV: 12    Int: 18    God:
Gold:   42         SH:  0    Dex: 13    Spells: 3/6 levels left

rFire   . . .      SeeInvis .    f - +0 dagger
rCold   . . .      Faith    .    (no shield)
rNeg    . . .      Spirit   .    a - +0 robe
rPois   .          Reflect  .    (helmet restricted)
rElec   .          Harm     .    i - +0 cloak
rCorr   .          Rampage  .    (no gloves)
Will    .....                    l - +0 pair of boots
Stlth   ++                       (no amulet)
HPRegen 0.24/turn                (no ring)
MPRegen 0.10/turn                (no ring)

@: no status effects
A: horns 1, weakness stinger 1
a: no special abilities


You were on level 2 of the Dungeon.
You visited 1 branch of the dungeon, and saw 2 of its levels.

You collected 42 gold pieces.

Inventory:

Hand Weapons
 f - a +0 dagger (weapon)
Armour
 a - a +0 robe (worn)
 i - a +0 cloak (worn)
 l - a +0 pair of boots (worn)
Scrolls
 d - 2 scrolls of identify {unknown}
 g - a scroll of magic mapping {unknown}
 k - a scroll of noise {unknown}
Potions
 c - a potion of might {unknown}
 e - a potion of degeneration {unknown}
 h - a potion of curing {unknown}
 j - a potion of resistance {unknown}


   Skills:
 + Level 0.8 Fighting
 + Level 2.0 Dodging
 + Level 2.2 Stealth
 + Level 2.2 Spellcasting
 + Level 1.4 Conjurations
 + Level 2.9 Fire Magic


You had 3 spell levels left.
You knew the following spells:

 Your Spells              Type           Power      Damage    Failure   Level
a - Foxfire               Conj/Fire      36%        2x1d5     7%          1
b - Scorch                Fire           24%        2d6       9%          2

Your spell library contained the following spells:

 Spells                   Type           Power      Damage    Failure   Level
 Slow                     Hex            8%         N/A       19%         1
 Inner Flame              Hex/Fire       7%         N/A       28%         3
 Kindle Blastsparks       Fire/Tloc/Air  10%        2d10      34%         3
 Confusing Touch          Hex            2%         N/A       47%         3
 Vampiric Draining        Necr           2%         2d6       47%         3
 Flame Wave               Conj/Fire      9%         2d6       56%         4


Dungeon Overview and Level Annotations

Branches:
Dungeon (2/15)

Altars:

Annotations:
D:2 Robin


Innate Abilities, Weirdness & Mutations

You have a pair of small horns on your head.
You have a small tail.


Message History

The goblin hits you but does no damage.
Robin roars a battlecry!
The goblin misses you.
A goblin comes into view. It is wielding a +0 club.
Casting: Scorch (safe; 10% risk of failure)
Confirm with . or Enter, or press ? or * to list all spells.
Flames lash the goblin.
You kill the goblin!
The goblin misses you.
You have reached level 3!
Your experience leads to an increase in your attributes!
Increase (S)trength, (I)ntelligence, or (D)exterity?
You feel clever. x2; Your demonic ancestry asserts itself...
You grow a small tail.
The goblin attacks as you move away! The goblin misses you.
Things that are here:
a +0 club; a +0 dagger; a goblin corpse The goblin attacks as you move away!
The goblin hits you with a +0 club.
* * * LOW HITPOINT WARNING * * *
Robin throws the goblin at you! Magic courses through your body.
The goblin no longer looks unusually strong.
The goblin hits you with a +0 club.
* * * LOW HITPOINT WARNING * * *
The goblin barely misses you.
A hobgoblin comes into view.
Casting: Scorch (safe; 9% risk of failure)
Confirm with . or Enter, or press ? or * to list all spells.
Flames lash the goblin.
You kill the goblin!
The hobgoblin shouts!
The goblin hits you but does no damage.
Casting: Scorch (safe; 9% risk of failure)
Confirm with . or Enter, or press ? or * to list all spells.
Flames lash the goblin.
You kill the goblin!
The hobgoblin no longer looks unusually strong.
Robin throws the goblin at you! The goblin barely misses you.
The goblin hits you with a +0 club.
You die...

#...r.....####
#.<..........#
.#...g.#....#
####gr.....#
#)#.....#
#.##....#
#g##....# ###
#g##....# #.#
#@####### #.##
#g# #..# ##.#
##.###..#
#.....##
#######


You could see Robin, 2 hobgoblins, 2 goblins and a rat.

Vanquished Creatures
  A dart slug (D:1)
  A bat (D:1)
  A giant cockroach (D:1)
  9 goblins
  3 hobgoblins
  2 jackals (D:1)
  A quokka (D:1)
  3 frilled lizards (D:1)
  2 kobolds (D:1)
  3 rats (D:1)
26 creatures vanquished.

Vanquished Creatures (others)
  17 foxfires (D:1)
17 creatures vanquished.

Grand Total: 43 creatures vanquished

Notes
Turn   | Place    | Note
-------+----------+-------------------------------------------
     0 | D:1      | wormed the Demonspawn Fire Elementalist began the quest for
                  | the Orb.
     0 | D:1      | Reached XP level 1. HP: 13/13 MP: 3/3
   253 | D:1      | Discovered your monstrous ancestry.
   253 | D:1      | Gained mutation: You have a pair of small horns on your
                  | head. [demonic ancestry]
   253 | D:1      | Reached XP level 2. HP: 16/20 MP: 0/5
  1078 | D:1      | Learned a level 2 spell: Scorch
  1181 | D:2      | Noticed Robin
  1196 | D:2      | Gained mutation: You have a small tail. [demonic ancestry]
  1196 | D:2      | Reached XP level 3. HP: 12/25 MP: 0/6
  1200 | D:2      | Slain by a goblin

Illustrated notes

Levels and vault maps discovered:
D:1:      scummos_arrival_hexagon, layout_basic
D:2:      layout_rooms, basic_altar, serial_corexii_hall,
          chequers_hall_statues_corner_a, chequers_hall_statues_y,
          corexii_hall_statues_s, corexii_hall_statues_l, st_stairs_12,
          minmay_joined_circles, uniq_robin, uniq_natasha, uniq_jessica

Skill      XL: |  1  2 |
---------------+-------+-----
Stealth        | 2 |  2.2
Dodging        | 2 |  2.0
Fighting       | |  0.8
Spellcasting   | |  2.2
Conjurations   | |  1.4
Fire Magic     | |  2.9

Action                     || total
---------------------------++-------
  Melee: Unarmed           ||     4
         Dagger            ||    61
         Headbutt          ||     8
   Cast: Foxfire           ||    12
         Scorch            ||     4
    Use: Potion            ||     1
   Stab: Sleeping          ||     2
 Armour: Robe              ||    21
  Dodge: Dodged            ||    45

Table legend: (Time is in decaauts)
 A = Elapsed time spent in this place.
 B = Non-inter-level travel time spent in this place.
 C = Inter-level travel time spent in this place.
 D = Time resting spent in this place.
 E = Time spent auto-exploring this place.
 F = Levels seen in this place.
 G = Mean time per level.
                   A        B        C        D        E       F      G
               +--------+--------+--------+--------+--------+-----+--------+
         Total |   1199 |   1185 |     14 |      0 |    947 |   2 |  599.5 |
       Dungeon |   1199 |   1185 |     14 |      0 |    947 |   2 |  599.5 |
               +--------+--------+--------+--------+--------+-----+--------+

Top non-repeatable levels by time:
     D:1: 1078 daAuts
     D:2: 120 daAuts
